 Dungeon Crawl Stone Soup version 0.16-a0-1529-gf034e03 (webtiles) character file.

135 Psiweapon the Skirmisher (level 4, -4/44 HPs)
             Began as a Draconian Fighter on Oct 21, 2014.
             Slain by Psiweapon's ghost (10 damage)
             ... on level 3 of the Dungeon.
             The game lasted 00:08:02 (2440 turns).

Psiweapon the Skirmisher (Draconian Fighter)        Turns: 2440, Time: 00:08:02

Health: -4/44      AC:  7    Str: 18    XL:     4   Next: 97%
Magic:  4/4        EV:  8    Int: 10    God:
Gold:   148        SH:  8    Dex: 10    Spells: 0 memorised, 3 levels left

rFire  + . .     SeeInvis .     a - +0 flail
rCold  . . .     Clarity  .     (armour unavailable)
rNeg   . . .     SustAb   .     c - +0 shield
rPois  .         Gourm    .     (helmet restricted)
rElec  .         Spirit   .     (no cloak)
rCorr  +         Warding  .     b - +0 pair of gloves
rMut   .         Stasis   .     d - +0 pair of boots
MR     .....                    m - amulet of resist corrosion
Stlth  +.........               q - cursed -2 ring of evasion
                                o - ring of protection from fire

@: not resistant to hostile enchantments, very unstealthy
A: unfitting armour, cold-blooded, AC +5
a: no special abilities


You were on level 3 of the Dungeon.
You were not hungry.

You visited 1 branch of the dungeon, and saw 3 of its levels.

You collected 148 gold pieces.

Inventory:

Hand weapons
 a - a +0 flail (weapon)
 e - a cursed -2 long sword
 k - a +1 whip of flaming
Missiles
 g - 43 stones (quivered)
 i - 17 poisoned needles
Armour
 b - a +0 pair of gloves (worn)
 c - a +0 shield (worn)
 d - a +0 pair of boots (worn)
Jewellery
 m - an amulet of resist corrosion (around neck)
 o - a ring of protection from fire (left hand)
 p - a +1 ring of dexterity
 q - a cursed -2 ring of evasion (right hand)
Magical devices
 l - a wand of teleportation (2)
Comestibles
 f - 2 bread rations
 h - 2 meat rations


   Skills:
 - Level 6.2 Fighting
 + Level 2.0 Maces & Flails
 - Level 2.6 Dodging
 - Level 3.0 Shields


You had 3 spell levels left.
You didn't know any spells.

Dungeon Overview and Level Annotations

Branches:
Dungeon (3/15)

Altars:
Ashenzari
Cheibriados
Elyvilon
Gozag
Vehumet
Xom
The Shining One

Annotations:
D:3 Psiweapon's ghost, average DrFi


Innate Abilities, Weirdness & Mutations

Your plain brown scales are hard (AC +5).
Your body does not fit into most forms of armour.
Your cold-blooded metabolism reacts poorly to cold.


Message History

Found 24 gold pieces.
You barely miss Psiweapon's ghost. Psiweapon's ghost hits you!
You sock Psiweapon's ghost!
Psiweapon's ghost is lightly damaged.
Psiweapon's ghost hits you!
You hit Psiweapon's ghost but do no damage.
Psiweapon's ghost is lightly damaged.
Psiweapon's ghost hits you but does no damage.
Psiweapon's ghost hits you.
* * * LOW HITPOINT WARNING * * *
You hit Psiweapon's ghost.
You tail-slap Psiweapon's ghost, but do no damage.
Psiweapon's ghost is moderately damaged.
Psiweapon's ghost hits you.
* * * LOW HITPOINT WARNING * * *
You barely miss Psiweapon's ghost.
You tail-slap Psiweapon's ghost, but do no damage.
Psiweapon's ghost is moderately damaged.
You block Psiweapon's ghost's attack. Psiweapon's ghost hits you!
You die...

#....>.........#
#....####......# #....#
###'#### #....#
#.######## #....#
#......... . #....#
#.....###.
....##....####
#......<#.
.............#
##...####.
........@....#
#..<.....
##......W....#
#.....### #...........#
##......#
#...........###.......#
#...........##..⌠.....#
...........##........#
.......$$.##....>.⌠.#
......... #........#
... #.#⌠....##


You could see Psiweapon's ghost.

Vanquished Creatures
  Ijyb (D:2)
  An adder (D:2)
  4 gnolls (D:2)
  A giant mite (D:3)
  2 oozes (D:2)
  4 orcs (D:3)
  3 ball pythons
  5 giant cockroaches
  4 goblins (D:1)
  6 hobgoblins
  4 jackals (D:3)
  6 bats
  A giant gecko (D:1)
  3 giant newts
  8 kobolds
  7 rats (D:2)
60 creatures vanquished.

Notes
Turn   | Place    | Note
--------------------------------------------------------------
     0 | D:1      | Psiweapon, the Draconian Fighter, began the quest for the Orb.
     0 | D:1      | Reached XP level 1. HP: 19/19 MP: 1/1
   293 | D:1      | Reached XP level 2. HP: 27/27 MP: 2/2
   303 | D:1      | Reached skill level 4 in Fighting
  1122 | D:2      | Found a shattered altar of Ashenzari.
  1123 | D:2      | Found a shimmering altar of Xom.
  1123 | D:2      | Found a radiant altar of Vehumet.
  1123 | D:2      | Found a glowing golden altar of the Shining One.
  1123 | D:2      | Found a white marble altar of Elyvilon.
  1262 | D:2      | Noticed Ijyb
  1269 | D:2      | Reached XP level 3. HP: 32/34 MP: 3/3
  1277 | D:2      | Killed Ijyb
  1277 | D:2      | Reached skill level 5 in Fighting
  1392 | D:2      | Reached XP level 4. HP: 22/42 MP: 4/4
  1719 | D:2      | Found an opulent altar of Gozag.
  1721 | D:2      | Found a snail-covered altar of Cheibriados.
  1836 | D:3      | Noticed Psiweapon's ghost (average DrFi)
  2115 | D:3      | Reached skill level 6 in Fighting
  2440 | D:3      | Slain by Psiweapon's ghost

Action                   |  1- 3 |  4- 6 || total
-------------------------+-------+-------++-------
Melee: Flail             |    96 |   101 ||   197
Throw: Stone             |    35 |       ||    35
  Use: Scroll            |     2 |     2 ||     4
       Potion            |     1 |       ||     1
  Eat: Chunk             |     2 |     3 ||     5
